cohdb
Replays
Latest Replays
All Replays
Popular Replays
Top Player Replays
Match Explorer
How It Works
Community
CoH3 Stats
Reddit
Sign in to upload your games and track your stats! →
Sign in with Steam
Match 44874590
Unlisted
Match 44874590
Overview
Messages
Build Orders
End
Construct Weapon Support Center
M1919 Machine Gun Team
Selects Advanced Infantry Battlegroup
Construct Barracks
Bazooka Squad
Riflemen Squad
Air Support Center
Selects Convert to Ranger Squad
Riflemen Squad
Convert to Ranger Squad
Construct Medical Station
P-47 Strafing Run
Convert to Ranger Squad
M3 Armored Personnel Carrier
Selects Frontline Medical Station
Selects Designate Assault Position
Riflemen Squad
Construct Motor Pool
Selects Infantry Assault
M24 Chaffee Light Tank
M1 Anti-tank Gun Team
Infantry Assault
Scar
Noob SRB
Toniix76
Brother
Blitzmensch
Night Bat
0
0
Comments
sign in to comment!
No comments posted yet!